 Dungeon Crawl Stone Soup version 0.17-a0-1528-gfee3901 (webtiles) character file.

490 HEYYEYAAE the Skirmisher (level 6, -4/56 HPs)
             Began as a Draconian Berserker on July 15, 2015.
             Was a Believer of Trog.
             Slain by Duvessa
             ... wielding a +0 rapier
              (7 damage)
             ... on level 4 of the Dungeon.
             The game lasted 00:03:51 (2970 turns).

HEYYEYAAE the Skirmisher (Draconian Berserker)      Turns: 2970, Time: 00:03:52

Health: -4/56      AC:  6    Str: 25    XL:     6   Next: 90%
Magic:  6/6        EV: 13    Int:  8    God:    Trog [**....]
Gold:   151        SH:  0    Dex: 10    Spells: 0 memorised, 5 levels left

rFire  . . .     SeeInvis .     a - +0 falchion
rCold  . . .     Clarity  .     (armour unavailable)
rNeg   + . .     SustAt   .     (no shield)
rPois  .         Gourm    .     (helmet restricted)
rElec  .         Spirit   .     (no cloak)
rCorr  .         Warding  .     (no gloves)
rMut   .         Stasis   .     (no boots)
MR     ++...                    (no amulet)
Stlth  ++........               r - ring of positive energy
                                f - +4 ring of strength

@: lethally poisoned (-4 -> -5), exhausted, regenerating, slowed, very slow,
very resistant to hostile enchantments, unstealthy
A: unfitting armour, cold-blooded, AC +6
a: Burn Spellbooks, Berserk, Trog's Hand, Renounce Religion


You were on level 4 of the Dungeon.
You worshipped Trog.
Trog was pleased with you.
You were near starving.

You visited 1 branch of the dungeon, and saw 4 of its levels.

You collected 151 gold pieces.

Inventory:

Hand weapons
 a - a +0 falchion (weapon)
Jewellery
 f - a +4 ring of strength (left hand)
 h - an uncursed ring of fire
 r - a ring of positive energy (right hand)
Scrolls
 c - 6 scrolls of identify {unknown}
 d - 3 scrolls of remove curse {unknown}
 k - a scroll of blinking {unknown}
 q - a scroll of teleportation {unknown}
Potions
 e - a potion of might {unknown}
 g - a potion of magic {unknown}
 i - a potion of haste {unknown}
 m - a potion of resistance {unknown}
 n - 2 potions of brilliance {unknown}
 o - a potion of curing {unknown}
 p - a potion of agility {unknown}
Comestibles
 b - 2 bread rations
 j - a beef jerky
 l - a meat ration


   Skills:
 + Level 5.0 Fighting
 + Level 4.6 Long Blades
 + Level 4.3 Dodging
 + Level 3.4 Stealth


You had 5 spell levels left.
You didn't know any spells.

Dungeon Overview and Level Annotations

Branches:
Dungeon (4/15)
 Temple: D:4-7

Altars:
Gozag
Kikubaaqudgha
Makhleb
Nemelex Xobeh
Okawaru
Vehumet

Annotations:
D:4 Duvessa


Innate Abilities, Weirdness & Mutations

Your plain brown scales are hard (AC +6).
Your body does not fit into most forms of armour.
You are cold-blooded and may be slowed by cold attacks.


Message History

You feel sick. Duvessa barely misses you.
You hit Duvessa.
Duvessa is severely wounded.
You feel sick. Duvessa hits you with a rapier.
You barely miss Duvessa.
Duvessa is severely wounded.
Duvessa hits you with a rapier.
You completely miss Duvessa.
Your tail-slap misses Duvessa.
Duvessa is severely wounded.
You are no longer berserk.
You are exhausted.
You feel yourself slow down.
You are near starving!
You feel sick. Duvessa hits you with a rapier!
You closely miss Duvessa.
Duvessa is severely wounded.
You feel sick. Duvessa hits you with a rapier!
* * * LOW HITPOINT WARNING * * *
Duvessa hits you with a rapier!
You die...

##########
#.@e......
#.#######. #.#
########.####
#......)....#
#.######.##.....
#.###.######.#
####
####..........).#
.....###.########


You could see Duvessa (berserk).

Vanquished Creatures
  The ghost of HEYYEYAAE the Slasher, an average DrBe of Trog (D:3)
  A scorpion (D:4)
  Dowan (D:4)
  A vampire bat (D:2)
  A hound (D:4)
  A crimson imp (D:3)
  2 orc wizards (D:4)
  A hound skeleton (D:4)
  A gnoll (D:1)
  4 adders
  2 worms (D:3)
  A giant gecko (D:1)
  3 orcs
  5 bat skeletons (D:2)
  A bat zombie (D:2)
  4 giant cockroaches
  3 goblins
  5 hobgoblins
  8 jackals
  10 kobolds
  2 ball pythons
  5 bats
  4 giant newts
  A jackal skeleton (D:4)
  2 quokkas
  12 rats
82 creatures vanquished.

Notes
Turn   | Place    | Note
--------------------------------------------------------------
     0 | D:1      | HEYYEYAAE the Draconian Berserker began the quest for the Orb.
     0 | D:1      | Reached XP level 1. HP: 19/19 MP: 1/1
   221 | D:1      | Reached XP level 2. HP: 24/26 MP: 2/2
   299 | D:1      | Reached skill level 1 in Stealth
   746 | D:1      | Reached XP level 3. HP: 29/33 MP: 3/3
   895 | D:1      | Acquired Trog's second power
  1124 | D:2      | Found an ancient bone altar of Kikubaaqudgha.
  1163 | D:2      | Reached skill level 4 in Fighting
  1163 | D:2      | Reached XP level 4. HP: 35/40 MP: 4/4
  1285 | D:2      | Found a radiant altar of Vehumet.
  1608 | D:2      | Found a sparkling altar of Nemelex Xobeh.
  1904 | D:3      | Noticed HEYYEYAAE's ghost (average DrBe)
  1943 | D:3      | Killed HEYYEYAAE's ghost
  1943 | D:3      | Reached XP level 5. HP: 47/47 MP: 5/5
  2002 | D:3      | Found a burning altar of Makhleb.
  2070 | D:3      | Reached XP level 6. HP: 38/53 MP: 6/6
  2201 | D:3      | Found an iron altar of Okawaru.
  2247 | D:3      | Found an opulent altar of Gozag.
  2950 | D:4      | Noticed Duvessa
  2950 | D:4      | Noticed Dowan
  2963 | D:4      | Killed Dowan
  2963 | D:4      | Reached skill level 5 in Fighting
  2970 | D:4      | Slain by Duvessa

Vault maps used:
D:1:      mrwooster_arrival_statue
D:2:      kennysheep_vampire_church, vehumet_crystals, first_bread,
          nemelex_xobeh_ov_fountains_minmay
D:3:      nicolae_overflow_crystal_walls, makhleb_grotto_becter, okawaru_trees_2
D:4:      lightli_temple_of_fire, temple_statues, uniq_duvessa

Action                   |  1- 3 |  4- 6 || total
-------------------------+-------+-------++-------
Melee: Falchion          |   135 |   187 ||   322
Invok: Trog's Hand       |       |     4 ||     4
       Berserk           |       |     3 ||     3
 Stab: Sleeping          |     3 |     2 ||     5
  Eat: Chunk             |       |     9 ||     9
